 Dungeon Crawl Stone Soup version 0.31-a0-325-g067879e3d3 (webtiles) character file.

Game seed: 10514418019792429260

71136 RepHenryClay the Grappler (level 14, -6/114 HPs)
             Began as a Troll Gladiator on July 19, 2023.
             Was the Champion of Makhleb.
             Killed from afar by a rime drake (24 damage)
             ... with an icy flash freeze
             ... on level 5 of the Lair of Beasts.
             The game lasted 00:32:50 (19037 turns).

RepHenryClay the Grappler (Troll Gladiator)        Turns: 19037, Time: 00:32:51

Health: -6/114     AC: 15    Str: 25    XL:     14   Next: 96%
Magic:  13/13      EV: 13    Int:  4    God:    Makhleb [******]
Gold:   1906       SH: 17    Dex: 15    Spells: 13/13 levels left

rFire   + .          .
                       - Unarmed
rCold   . . .        D - +0 kite shield
rNeg    . . .        G - +0 acid dragon scales
rPois   .            b - +0 hat
rElec   .            T - scarf {repulsion}
rCorr   +            (gloves unavailable)
SInv    .            (boots unavailable)
Will    +....        L - amulet of reflection
Stlth   +            y - ring of protection from fire
HPRegen 1.19/turn    j - +4 ring of protection
MPRegen 0.13/turn

%: repel missiles, reflection
@: about to teleport
A: large, unfitting armour, claws 3, regeneration 1, shaggy fur 1, tough skin 1
a: Renounce Religion, Minor Destruction, Lesser Servant of Makhleb, Major
Destruction, Greater Servant of Makhleb


You were on level 5 of the Lair of Beasts.
You worshipped Makhleb.
Makhleb was exalted by your worship.
You visited 4 branches of the dungeon, and saw 22 of its levels.
You also visited: Ossuary and Ice Cave.

You collected 2713 gold pieces.
You spent 807 gold pieces at shops.

Inventory:

Missiles
 c - 4 throwing nets
 d - 10 large rocks (quivered)
 X - 4 javelins
Armour
 b - a +0 hat (worn)
 g - a +1 troll leather armour
 o - a +0 robe of willpower
 D - a +0 kite shield (worn)
 G - +0 acid dragon scales (worn)
 T - a scarf of repulsion (worn)
Jewellery
 e - a ring of wizardry
 j - a +4 ring of protection (right claw)
 l - a +6 ring of strength
 m - a ring of fire
 x - an amulet of regeneration
 y - a ring of protection from fire (left claw)
 E - a ring of flight
 I - an amulet of the acrobat
 L - an amulet of reflection (around neck)
 N - a +6 ring of intelligence
 Q - a +6 ring of strength
Talismans
 n - a maw talisman
Wands
 C - a wand of roots (19)
 F - a wand of flame (7)
 M - a wand of paralysis (13)
 Y - a wand of light (4)
Scrolls
 a - 3 scrolls of enchant weapon
 h - a scroll of teleportation
 i - 2 scrolls of revelation
 p - 3 scrolls of poison
 q - 2 scrolls of vulnerability
 r - 2 scrolls of silence
 t - 5 scrolls of amnesia
 u - 3 scrolls of immolation
 z - 2 scrolls of fog
 A - a scroll of brand weapon
 H - 2 scrolls of enchant armour
 O - 4 scrolls of blinking
 P - 4 scrolls of identify {@r1}
 S - a scroll of butterflies
Potions
 f - a potion of lignification
 k - a potion of attraction
 s - a potion of might
 v - 4 potions of enlightenment
 w - 2 potions of heal wounds
 B - 2 potions of brilliance
 J - 3 potions of curing
 K - 2 potions of mutation
 U - a potion of invisibility
 V - 2 potions of berserk rage
 W - a potion of degeneration {unknown}
Miscellaneous
 R - a lightning rod (4/4)


   Skills:
 - Level 1.5 Fighting
 - Level 9.3 Throwing
 + Level 11.6 Armour
 - Level 10.4 Dodging
 - Level 12.2 Shields
 - Level 12.3 Unarmed Combat


You had 13 spell levels left.
You didn't know any spells.
Your spell library contained the following spells:

 Spells                   Type           Power      Damage    Failure   Level
 Shock                    Conj/Air       0%         1d3       71%         1
 Ensorcelled Hibernation  Hex/Ice        0%         N/A       85%         2
 Ozocubu's Armour         Ice            0%         N/A       97%         3
 Swiftness                Air            0%         N/A       97%         3
 Airstrike                Air            0%         2d(0-16)  100%        4
 Anguish                  Hex/Necr       0%         N/A       100%        4
 Animate Dead             Necr           0%         N/A       100%        4
 Cause Fear               Hex            0%         N/A       100%        4
 Borgnjor's Vile Clutch   Necr/Erth      0%         N/A       100%        5
 Fireball                 Conj/Fire      0%         3d3       100%        5
 Death Channel            Necr           0%         N/A       100%        6
 Haunt                    Necr/Summ      0%         N/A       100%        7
 Malign Gateway           Summ/Tloc      0%         N/A       100%        7
 Ozocubu's Refrigeration  Ice            0%         4d7       100%        7
 Infestation              Necr           0%         N/A       100%        8
 Summon Horrible Things   Summ           0%         N/A       100%        8
 Dragon's Call            Summ           0%         N/A       100%        9


Dungeon Overview and Level Annotations

Branches:
Dungeon (14/15)            Temple (1/1) D:6            Lair (5/5) D:8
  Swamp (0/4) Lair:2       Spider (0/4) Lair:3        Slime (0/5) Lair:4
    Orc (2/2) D:9         Ossuary (visited)           IceCv (visited)
    Elf: Orc:2       Vaults: D:13-14

Altars:
Ashenzari
Cheibriados
Dithmenos
Elyvilon
Fedhas
Gozag
Hepliaklqana
Kikubaaqudgha
Makhleb
Nemelex Xobeh
Okawaru
Qazlal
Ru
Sif Muna
Trog
Uskayaw
Vehumet
Wu Jian
Xom
Yredelemnul
Zin
The Shining One

Shops:
D:3 [[*(   D:9 [(?   D:12 *

Annotations:
Orc:2 Sonja


Innate Abilities, Weirdness & Mutations

You are too large for most types of armour.
You have claws for hands.
Your natural rate of healing is unusually fast.
You are covered in fur. (AC +1)
You have tough skin. (AC +1)


Message History

* * * LOW HITPOINT WARNING * * *
You block the rime drake's attack.
Huge Dmg: -12%(-13hp) hp: 38%(43hp)
You block the rime drake's attack. The fire dragon misses you.
The fire dragon barely misses you. You block the fire dragon's attack.
The rime drake barely misses you. The fire dragon breathes flames at you.
The blast of flame hits you!! You resist.
* * * LOW HITPOINT WARNING * * *
You block the rime drake's attack. The basilisk gazes at you.
You easily resist.
You hear an angry hiss.
You see here 15 gold pieces.
Huge Dmg: -18%(-21hp) hp: 21%(23hp)
As you read the scroll of teleportation, it crumbles to dust.
You feel strangely unstable. The ice encasing you melts away.
A rime drake comes into view.
The rime drake breathes ice at you.
The icy flash freeze is repelled.
You block the fire dragon's attack. The fire dragon claws you.
* * * LOW HITPOINT WARNING * * *
The fire dragon tramples you but does no damage.
The basilisk gazes at you.
You easily resist.
Unknown command.
Unknown command.
The fire dragon attacks as you move away!
You block the fire dragon's attack. The fire dragon claws you.
* * * LOW HITPOINT WARNING * * *
The fire dragon tramples you.
* * * LOW HITPOINT WARNING * * *
You see here a scroll of revelation.
Huge Dmg: -6%(-6hp) hp: 15%(17hp)
The rime drake breathes ice at you.
The icy flash freeze is repelled.
The rime drake breathes ice at you. The icy flash freeze hits you!!
You die...

##..P≈≈.♣≈~~.♣♣...♣♣♣
.....♣♣♣♣♣♣≈~~♣P.♣..♣♣
....#♣ ♣♣♣~~PP....♣♣
....# ♣♣≈~~..♣..♣
...## ♣≈~~~≈.♣†♣♣ ...#
..≈..♣♣♣~~P.♣♣♣ ..##
.~≈~.♣♣♣♣♣.†...♣ ...#
~≈~P♣♣♣.♣♣♣~.~.♣♣ #..#
.~♣♣♣?(@:?♣♣~≈.~♣ ####
~♣ ♣.)$?D♣♣♣≈≈.♣
♣$...k..♣≈..♣
.~~P.~~..†.~...♣
~≈~~.≈≈l.~≈.P.♣♣
~≈≈~≈≈≈≈~≈≈~.~♣♣
≈≈≈k≈≈~~.~...♣♣
≈≈≈≈≈...♣~.♣♣♣
~~~~.♣♣♣..♣


You could see a fire dragon, a basilisk and 2 rime drakes.

Vanquished Creatures
  An ettin (Orc:1)
  A centaur warrior (D:13)
  3 hydras
  A catoblepas (D:14)
  3 two-headed ogres
  2 boulder beetles (D:13)
  3 death yaks (Lair:3)
  A tengu warrior (D:14)
  Urug (Lair:5)
  4 skeletal warriors (D:13)
  2 skysharks
  A fire crab (Lair:5)
  A swamp dragon (Lair:5)
  A bog body (IceCv)
  2 lindwurms (Lair:5)
  A necromancer (IceCv)
  2 orc knights
  A deep elf pyromancer (D:12)
  2 orc sorcerers
  An ugly thing (IceCv)
  3 manticores
  3 cyclopes
  12 elephants
  2 ice statues (IceCv)
  4 black mambas
  11 cane toads
  10 rime drakes
  A kobold demonologist (D:11)
  12 komodo dragons
  A freezing wraith (D:13)
  6 ice devils (IceCv)
  9 trolls
  14 polar bears
  A tyrant leech (Lair:2)
  A hornet (D:8)
  A raiju (Lair:5)
  11 dream sheep
  17 blink frogs
  Sigmund (D:2)
  3 shadows
  36 yaks
  2 vampires
  3 wraiths
  5 basilisks
  5 wyverns
  2 steam dragons
  7 vampire mosquitoes
  A swamp worm (Lair:2)
  5 wargs
  An acid dragon (D:9)
  A harpy simulacrum (IceCv)
  16 hell hounds (Lair:5)
  16 water moccasins
  A hydra simulacrum (IceCv)
  13 orc warriors
  11 black bears (Lair:5)
  A sky beast (D:6)
  6 ice beasts
  4 ogres
  7 centaurs
  29 wolves
  2 phantoms
  3 kobold brigands
  17 bullfrogs
  3 gnoll sergeants
  2 scorpions
  A two-headed ogre simulacrum (IceCv)
  4 wights (D:8)
  16 killer bees
  An elephant simulacrum (IceCv)
  2 howler monkeys
  8 jellies
  A hound (D:5)
  A gnoll bouda (D:5)
  A human zombie (Ossuary)
  14 orc priests
  2 sleepcaps
  3 iguanas
  11 orc wizards
  10 hell rats
  A polar bear simulacrum (IceCv)
  A spriggan simulacrum (IceCv)
  2 mummies (Ossuary)
  Robin (D:3)
  12 gnolls
  9 adders
  A naga simulacrum (IceCv)
  2 white imps (D:6)
  2 ufetubi
  4 worms
  3 dart slugs
  42 orcs
  10 ball pythons
  11 endoplasms
  5 giant cockroaches
  8 goblins
  9 hobgoblins
  12 jackals
  5 quokkas
  6 bats
  4 frilled lizards (D:2)
  4 gnoll zombies (Ossuary)
  2 goblin zombies (Ossuary)
  3 hobgoblin zombies (Ossuary)
  5 kobolds
  4 orc zombies (Ossuary)
  6 rats
605 creatures vanquished.

Vanquished Creatures (others)
  An orc (Orc:1)
1 creature vanquished.

Grand Total: 606 creatures vanquished

Notes
Turn   | Place    | Note
-------+----------+-------------------------------------------
     0 | D:1      | RepHenryClay the Troll Gladiator began the quest for the
                  | Orb.
     0 | D:1      | Reached XP level 1. HP: 19/19 MP: 0/0
   110 | D:1      | Reached XP level 2. HP: 27/27 MP: 1/1
   259 | D:1      | Reached XP level 3. HP: 33/33 MP: 2/2
   882 | D:2      | Noticed Sigmund
   893 | D:2      | Killed Sigmund
   894 | D:2      | Reached skill level 5 in Unarmed Combat
   894 | D:2      | Reached XP level 4. HP: 15/41 MP: 3/3
   894 | D:2      | Reached XP level 5. HP: 18/48 MP: 4/4
  1170 | D:2      | Found a white marble altar of Elyvilon.
  1638 | D:3      | Noticed an ogre
  1643 | D:3      | Killed an ogre
  1644 | D:3      | Reached XP level 6. HP: 55/55 MP: 5/5
  1689 | D:3      | Found Celilaoch's Assorted Antiques.
  1782 | D:3      | Found Esuch's Antique Armour Boutique.
  1926 | D:3      | Noticed Robin
  1933 | D:3      | Killed Robin
  1976 | D:3      | Found Fobaunaena's Antique Armour Shoppe.
  2058 | D:3      | Found Risch's Weapon Boutique.
  2455 | D:4      | Found a glowing golden altar of the Shining One.
  2515 | D:4      | Found a broken altar of Ashenzari.
  2634 | D:4      | Reached skill level 5 in Dodging
  2634 | D:4      | Reached XP level 7. HP: 59/62 MP: 6/6
  3096 | D:5      | Entered Level 5 of the Dungeon
  3149 | D:5      | Found a sand-covered staircase.
  3156 | Ossuary  | Entered an ossuary
  3398 | D:3      | Bought a shiny troll leather armour for 378 gold pieces
  3599 | D:5      | Found a stormy altar of Qazlal.
  4240 | D:5      | Found a basalt altar of Yredelemnul.
  4443 | D:6      | Reached XP level 8. HP: 60/70 MP: 7/7
  4845 | D:6      | Reached XP level 9. HP: 64/76 MP: 8/8
  5087 | D:6      | Found a staircase to the Ecumenical Temple.
  5096 | Temple   | Entered the Ecumenical Temple
  5103 | Temple   | Became a worshipper of Makhleb the Destroyer
  5703 | D:7      | Reached skill level 10 in Unarmed Combat
  5835 | D:7      | Found a sacrificial altar of Ru.
  6254 | D:8      | Reached XP level 10. HP: 67/85 MP: 9/9
  6377 | D:8      | Noticed a two-headed ogre
  6403 | D:8      | Killed a two-headed ogre
  6403 | D:8      | Reached * piety under Makhleb
  6404 | D:8      | Reached skill level 10 in Dodging
  6411 | D:8      | Found a staircase to the Lair.
  6484 | D:8      | HP: 1/127 [hornet (8)]
  6879 | D:8      | Found a hide-covered altar of Uskayaw.
  7053 | D:9      | Found a staircase to the Orcish Mines.
  7277 | D:9      | Reached skill level 1 in Shields
  7293 | D:9      | Reached XP level 11. HP: 90/92 MP: 10/10
  7335 | D:9      | Found Soufoik's Magic Scroll Shoppe.
  7339 | D:9      | Found a sparkling altar of Nemelex Xobeh.
  7341 | D:9      | Bought a scroll of identify for 26 gold pieces
  7341 | D:9      | Bought a scroll of identify for 26 gold pieces
  7341 | D:9      | Bought a scroll of enchant armour for 97 gold pieces
  7371 | D:9      | Found Doaridwy's Antique Weapon Emporium.
  7545 | D:9      | Found a white marble altar of Elyvilon.
  7638 | D:9      | Found Vafaj's Antique Armour Emporium.
  7858 | D:10     | Entered Level 10 of the Dungeon
  7997 | D:10     | Reached ** piety under Makhleb
  8325 | D:10     | Reached skill level 5 in Shields
  9711 | D:11     | Noticed a two-headed ogre
  9721 | D:11     | Killed a two-headed ogre
  9798 | D:12     | Noticed a two-headed ogre
  9807 | D:12     | Killed a two-headed ogre
 10056 | D:12     | Noticed a deep elf pyromancer
 10069 | D:12     | Killed a deep elf pyromancer
 10130 | D:12     | Found Ladwouts's Assorted Antiques.
 10133 | D:12     | Bought a potion of heal wounds for 140 gold pieces
 10133 | D:12     | Bought a twisted fluorescent amulet for 140 gold pieces
 10230 | D:12     | Paralysed by a gnoll sergeant for 3 turns
 10239 | D:12     | Paralysed by a gnoll sergeant for 5 turns
 10311 | D:12     | Reached XP level 12. HP: 99/100 MP: 11/11
 10467 | D:12     | Reached *** piety under Makhleb
 10723 | Orc:1    | Entered Level 1 of the Orcish Mines
 10724 | Orc:1    | Noticed an ettin
 10766 | Lair:1   | Entered Level 1 of the Lair of Beasts
 10766 | Lair:1   | Found a frozen archway.
 10778 | IceCv    | Entered an ice cave
 10806 | IceCv    | Reached skill level 10 in Shields
 11685 | Lair:1   | Reached **** piety under Makhleb
 11867 | Lair:1   | Reached skill level 1 in Armour
 12238 | Lair:2   | Found a staircase to the Swamp.
 12317 | Lair:2   | Reached XP level 13. HP: 98/106 MP: 12/12
 12363 | Lair:2   | Reached skill level 5 in Armour
 13274 | D:13     | Reached skill level 5 in Throwing
 14142 | Orc:1    | Killed an ettin
 14571 | D:9      | Reached ***** piety under Makhleb
 14735 | Orc:2    | Entered Level 2 of the Orcish Mines
 15334 | Orc:2    | Noticed Sonja
 16232 | Lair:3   | Reached XP level 14. HP: 78/114 MP: 13/13
 16382 | Lair:3   | Found a hole to the Spider Nest.
 16385 | Lair:3   | Identified the +3 leather armour "Fogg" {rF+ rN+}
 16989 | Lair:3   | Reached ****** piety under Makhleb
 17098 | Lair:4   | Found a staircase to the Slime Pits.
 17910 | Lair:5   | Entered Level 5 of the Lair of Beasts
 18016 | Lair:5   | Noticed Urug
 18026 | Lair:5   | Killed Urug
 18113 | Lair:5   | Reached skill level 10 in Armour
 19037 | Lair:5   | Killed from afar by a rime drake

Illustrated notes

Levels and vault maps discovered:
D:1:      psy_arrival_statuary, layout_loops_ring
D:2:      layout_basic, basic_altar, uniq_sigmund
D:3:      layout_loops_ring, serial_shops, nicolae_shop_window_shopping,
          nicolae_shop_peninsula, nicolae_shop_tiny_glass,
          nicolae_shop_tiny_real_fake_doors, minmay_diced_spiral, uniq_robin
D:4:      layout_basic, tso_altar, lemuel_coloured_pillars_altar,
          minmay_misc_feat_iff
D:5:      layout_basic, mainiacjoe_overflow_six_doors_small, kennysheep_mini,
          nicolae_ossuary_entry_plus
D:6:      layout_loops_corners, minmay_temple_entry_statues_pillars,
          hangedman_decor_opposing
D:7:      layout_loops_ring, marbit_many_paths
D:8:      layout_basic, mainiacjoe_overflow_concentric_impassable,
          hellmonk_lair_entry_icy, minmay_fractal_squares_5
D:9:      layout_roguey, mainiacjoe_overflow_cross_hatched,
          nicolae_overflow_hidden_temple, orc_0_dummy, serial_shops, shop,
          nicolae_shop_behind_doors, shop
D:10:     minmay_razor_zed, layout_basic
D:11:     layout_cave_pods
D:12:     dreamdust_cave_troll, layout_irregular_city, serial_shops,
          nicolae_shop_behind_doors
D:13:     layout_basic
D:14:     layout_long_grid, david_vaults_5
Temple:   eino_temple_lava
Lair:1:   layout_regular_city, portal_ice_cave_entry_pillars_2,
          serial_bayou_shore_b
Lair:2:   layout_roguey, minmay_swamp_entry_worms
Lair:3:   layout_roguey, dummy_spider_entry, columned_hall_lemuel,
          grunt_megastairs_3
Lair:4:   layout_regular_city, nicolae_slime_entry_slimehenge
Lair:5:   guppyfry_lair_end_dragon, layout_cave_pods,
          hangedman_lair_caniforms_friends, nicolae_lair_lindhole, uniq_urug
Orc:1:    layout_caves
Orc:2:    grunt_orc_tribal_feast, layout_diamond_mine, basic_altar,
          nicolae_orc_lost_temple, uniq_sonja

Skill      XL: |  1  2  3  4  5  6  7  8  9 10 11 12 13 14 |
---------------+-------------------------------------------+-----
Dodging        | 3 4 5 6 7 9 10 | 10.4
Unarmed Combat | 5 6 7 8 10 12 | 12.3
Shields        | 1 9 12 | 12.2
Armour         | 4 6 11 | 11.6
Throwing       | 9 |  9.3
Fighting       | |  1.5

Action                     |  1- 3 |  4- 6 |  7- 9 | 10-12 | 13-15 || total
---------------------------+-------+-------+-------+-------+-------++-------
  Melee: Unarmed           |    87 |   127 |   245 |   723 |  1072 ||  2254
         Punch             |     1 |     4 |    11 |     5 |       ||    21
  Throw: Throwing net      |       |       |       |     1 |       ||     1
         Large rock        |       |       |       |       |    12 ||    12
         Javelin           |       |       |       |       |     8 ||     8
    Use: Potion            |     1 |       |       |     7 |     2 ||    10
         Scroll            |       |       |     3 |    18 |     5 ||    26
   Stab: Sleeping          |     3 |     1 |       |       |       ||     4
         Distracted        |       |     1 |       |       |       ||     1
         Invisible         |       |       |       |       |     3 ||     3
 Armour: Robe              |    16 |    17 |    11 |       |       ||    44
         Troll leather arm |       |       |    44 |    29 |       ||    73
         Skin              |       |       |       |    22 |       ||    22
         Acid dragon scale |       |       |       |   134 |   257 ||   391
  Dodge: Dodged            |    39 |    51 |   101 |   305 |   418 ||   914
         Repelled          |       |       |       |       |     5 ||     5
  Block: Kite shield       |       |       |       |   319 |   970 ||  1289
         Reflection        |       |       |       |     3 |    12 ||    15

Table legend: (Time is in decaauts)
 A = Elapsed time spent in this place.
 B = Non-inter-level travel time spent in this place.
 C = Inter-level travel time spent in this place.
 D = Time resting spent in this place.
 E = Time spent auto-exploring this place.
 F = Levels seen in this place.
 G = Mean time per level.
                   A        B        C        D        E       F      G
               +--------+--------+--------+--------+--------+-----+--------+
         Total |  18780 |  17306 |   1474 |    651 |  12481 |  24 |  782.5 |
       Dungeon |  12381 |  11152 |   1229 |    327 |   8714 |  14 |  884.4 |
        Temple |     14 |      7 |      7 |      0 |      0 |   1 |   14.0 |
          Lair |   4637 |   4490 |    147 |     43 |   3084 |   5 |  927.4 |
  Orcish Mines |   1067 |    978 |     89 |     59 |    550 |   2 |  533.5 |
       Ossuary |    127 |    127 |      0 |      0 |     72 |   1 |  127.0 |
      Ice Cave |    552 |    552 |      0 |    221 |     61 |   1 |  552.0 |
               +--------+--------+--------+--------+--------+-----+--------+

Top non-repeatable levels by time:
    D:10: 1274 daAuts
     D:8: 1196 daAuts
    D:13: 1076 daAuts
  Lair:5: 1043 daAuts
     D:9: 1022 daAuts
     D:5: 1004 daAuts
    D:12: 985 daAuts
     D:3: 941 daAuts
  Lair:3: 939 daAuts
  Lair:4: 938 daAuts
  Lair:2: 905 daAuts
     D:4: 886 daAuts
     D:6: 880 daAuts
     D:2: 850 daAuts
  Lair:1: 808 daAuts
